 Dungeon Crawl Stone Soup version 0.24.0-123-gd5b16e6ec5 (webtiles) character file.

Game seed: 11468013144859937333, levelgen mode: deterministic

5084 Johnny the Geomancer (level 10, -3/81 HPs)
             Began as a Demigod Earth Elementalist on Feb 10, 2020.
             Slain by a white ugly thing (25 damage)
             ... on level 9 of the Dungeon.
             The game lasted 00:10:54 (8072 turns).

Johnny the Geomancer (Demigod Earth Elementalist)   Turns: 8072, Time: 00:10:55

Health: -3/81      AC:  6    Str: 11    XL:     10   Next: 10%
Magic:  1/25       EV: 12    Int: 25    God:
Gold:   660        SH:  0    Dex: 16    Spells: 11/24 levels left

rFire    . . .     SeeInvis .   H - +4 dagger
rCold    . . .     Gourm    .   (no shield)
rNeg     . . .     Faith    .   B - +2 robe {Archmagi}
rPois    .         Spirit   .   (no helmet)
rElec    +         Reflect  .   (no cloak)
rCorr    .         Harm     .   C - +0 pair of gloves
MR       +++..                  p - +0 pair of boots
Stlth    +.........             w - amulet of Creativity {rElec MR+ Regen+ Stlth-}
HPRegen  0.63/turn              F - ring of protection from magic
MPRegen  0.19/turn              (no ring)

@: no status effects
A: high mp 1
a: no special abilities


You were on level 9 of the Dungeon.
You were hungry.

You visited 1 branch of the dungeon, and saw 9 of its levels.

You collected 687 gold pieces.
You spent 27 gold pieces at shops.

Inventory:

Hand Weapons
 A - a +0 whip of freezing
 H - a +4 dagger (weapon)
Missiles
 b - 24 stones (quivered)
Armour
 m - a +0 large shield
 p - a +0 pair of boots (worn)
 B - a +2 robe of the Archmagi (worn)
 C - a +0 pair of gloves (worn)
Jewellery
 w - the amulet of Creativity (around neck) {rElec MR+ Regen+ Stlth-}
   (You found it on level 5 of the Dungeon)

   [amulet of regeneration]

   It insulates you from electricity.
   It affects your resistance to hostile enchantments.
   It increases your rate of regeneration.
   It makes you less stealthy.
 x - an uncursed amulet of harm
 F - a ring of protection from magic (left hand)
Wands
 i - a wand of random effects (23)
 j - a wand of acid (2)
 y - a wand of enslavement (18)
 D - a wand of flame (19)
 G - a wand of iceblast (4)
 I - a wand of clouds (5)
 J - a wand of polymorph (9)
Scrolls
 c - a scroll of immolation
 e - 5 scrolls of teleportation
 f - 2 scrolls of fear
 n - 3 scrolls of remove curse
 q - a scroll of amnesia
 t - 2 scrolls of enchant armour
 L - a scroll of acquirement {unknown}
Potions
 a - a potion of cancellation
 g - 6 potions of heal wounds
 h - 7 potions of curing
 k - 2 potions of might
 l - 2 potions of degeneration
 o - a potion of flight {unknown}
 r - 2 potions of brilliance {unknown}
 s - a potion of berserk rage {unknown}
 u - a potion of agility {unknown}
 v - 2 potions of lignification {unknown}
 z - 2 potions of haste {unknown}
 E - 3 potions of magic {unknown}
Comestibles
 d - 13 rations
 K - 3 chunks of flesh


   Skills:
 + Level 5.5 Fighting
 - Level 1.7 Dodging
 - Level 1.7 Stealth
 - Level 5.1 Shields
 + Level 7.8 Spellcasting
 - Level 0.8 Transmutations
 + Level 8.8 Earth Magic


You had 11 spell levels left.
You knew the following spells:

 Your Spells              Type           Power        Failure   Level  Hunger
a - Sandblast             Erth           ######       1%          1    None
b - Stone Arrow           Conj/Erth      #####.       3%          3    None
c - Lee's Rapid Deconstr  Erth           ######....   4%          5    #####..
d - Petrify               Tmut/Erth      ######..     9%          4    ##.....

Your spell library contained the following spells:

 Spells                   Type           Power        Failure   Level  Hunger
 Passwall                 Tmut/Erth      ######..     1%          2    None


Dungeon Overview and Level Annotations

Branches:
Dungeon (9/15)             Temple (0/1) D:6             Orc (0/2) D:9
   Lair: D:8-11

Shops:
D:4 *   D:7 (


Innate Abilities, Weirdness & Mutations

You have an increased reservoir of magic. (+10% MP)


Message History

You feel a surge of power!
The wall shatters!
The blast of rock fragments hits the white ugly thing but does no damage.
The white ugly thing is almost dead.
You are feeling hungry.
The white ugly thing punches you. The white ugly thing freezes you!!
A black bear comes into view.
Unknown command.
Unknown command.
Casting: Lee's Rapid Deconstruction (safe; 4% risk of failure)
Confirm with . or Enter, or press ? or * to list all spells.
Aiming: Lee's Rapid Deconstruction (safe; 4% risk of failure)
Press: ? - help, Dir - move target cursor A rock wall.
You feel a surge of power!
The wall shatters!
The blast of rock fragments hits the white ugly thing but does no damage.
The white ugly thing is almost dead.
The white ugly thing punches you.
* * * LOW HITPOINT WARNING * * *
The white ugly thing freezes you!!
You die...

#########################
......h.)................
######)#################
#.# #.## #.@# ##u# #†#
... ..... ....... ##
......... .. .....>.....
## .............


You could see a white ugly thing and a black bear.

Vanquished Creatures
  Pikel (D:6)
  The ghost of Xerdoz the Insei, a novice OpTm of Sif Muna (D:6)
  A troll (D:8)
  A hippogriff (D:7)
  A hungry ghost (D:8)
  Menkaure (D:4)
  2 water moccasins
  A porcupine (D:9)
  3 orc warriors
  An ice beast (D:6)
  A sky beast (D:6)
  2 black bears
  A slave (D:6)
  A necrophage (D:8)
  A wolf (D:9)
  3 centaurs
  An ogre (D:5)
  2 crocodiles (D:9)
  7 bullfrogs
  A scorpion (D:7)
  6 killer bees (D:9)
  4 wights
  3 howler monkeys
  A crimson imp (D:5)
  2 jellies (D:5)
  3 hounds
  5 orc wizards
  7 orc priests
  A centaur skeleton (D:5)
  An iguana (D:6)
  Terence (D:3)
  2 worker ants (D:8)
  A worker ant zombie (D:3)
  8 gnolls
  9 adders
  3 shadow imps
  An ooze (D:1)
  An adder zombie (D:7)
  2 worms (D:2)
  4 dart slugs
  6 leopard geckos
  16 orcs
  2 ball pythons
  3 bats (D:2)
  3 giant cockroaches
  9 goblins
  7 hobgoblins
  6 jackals
  A quokka (D:2)
  5 frilled lizards
  A giant cockroach zombie (D:5)
  A jackal skeleton (D:8)
  8 kobolds
  A leopard gecko skeleton (D:5)
  A quokka zombie (D:8)
  8 rats
176 creatures vanquished.

Vanquished Creatures (others)
  Blork the orc (D:6)
  An orc priest (D:6)
  An orc wizard (D:6)
  An orc (D:6)
  A quokka zombie (D:6)
  3 plants (D:9)
8 creatures vanquished.

Grand Total: 184 creatures vanquished

Notes
Turn   | Place    | Note
-------+----------+-------------------------------------------
     0 | D:1      | Johnny the Demigod Earth Elementalist began the quest for
                  | the Orb.
     0 | D:1      | Reached XP level 1. HP: 14/14 MP: 5/5
   416 | D:1      | Reached skill level 3 in Earth Magic
   456 | D:1      | Reached XP level 2. HP: 17/20 MP: 0/7
  1164 | D:2      | Reached XP level 3. HP: 26/26 MP: 7/9
  2079 | D:2      | Reached XP level 4. HP: 27/33 MP: 11/11
  2418 | D:3      | Found a sparkling altar of Nemelex Xobeh.
  2529 | D:3      | Noticed Terence
  2540 | D:3      | Killed Terence
  2656 | D:3      | Reached skill level 4 in Earth Magic
  2659 | D:3      | Reached skill level 1 in Shields
  3225 | D:4      | Noticed Menkaure
  3237 | D:4      | Killed Menkaure
  3237 | D:4      | Reached XP level 5. HP: 16/38 MP: 6/13
  3949 | D:4      | Reached XP level 6. HP: 10/45 MP: 8/14
  4041 | D:4      | Found Adecuch's General Store.
  4056 | D:4      | Bought 25 stones for 27 gold pieces
  4221 | D:5      | Entered Level 5 of the Dungeon
  4316 | D:5      | Noticed a water moccasin
  4359 | D:5      | Learned a level 3 spell: Stone Arrow
  4365 | D:5      | Learned a level 5 spell: Lee's Rapid Deconstruction
  4370 | D:5      | Learned a level 4 spell: Petrify
  4396 | D:5      | Reached skill level 5 in Earth Magic
  4476 | D:5      | Got a twitching platinum amulet
  4482 | D:5      | Identified the amulet of Creativity {rElec MR+ Regen+
                  | Stlth-} (You found it on level 5 of the Dungeon)
  4528 | D:5      | Reached XP level 7. HP: 50/50 MP: 13/16
  4899 | D:6      | Found a large runed translucent door.
  4899 | D:6      | Found a large runed translucent door.
  4902 | D:6      | Noticed Xerdoz's ghost (novice OpTm)
  5098 | D:6      | Noticed Pikel
  5108 | D:6      | Killed Pikel
  5108 | D:6      | Reached skill level 5 in Spellcasting
  5108 | D:6      | Reached skill level 6 in Earth Magic
  5108 | D:6      | Reached XP level 8. HP: 27/57 MP: 6/19
  5277 | D:6      | Noticed Blork the orc
  5321 | D:6      | Killed Blork the orc
  5414 | D:6      | Reached skill level 5 in Shields
  5680 | D:6      | Found a staircase to the Ecumenical Temple.
  6253 | D:6      | Killed Xerdoz's ghost
  6253 | D:6      | Reached skill level 7 in Earth Magic
  6276 | D:7      | Noticed a hippogriff
  6281 | D:7      | Killed a hippogriff
  6389 | D:7      | Reached XP level 9. HP: 68/68 MP: 20/22
  6918 | D:7      | Found Cyokh's Antique Weapon Shop.
  7041 | D:8      | Reached skill level 8 in Earth Magic
  7545 | D:8      | Reached skill level 5 in Fighting
  7843 | D:9      | Found a staircase to the Orcish Mines.
  7857 | D:9      | Reached XP level 10. HP: 78/81 MP: 18/25
  8063 | D:9      | Noticed a white ugly thing
  8072 | D:9      | Slain by a white ugly thing

Levels and vault maps discovered:
D:1:      sevenhm_arrival_forest_fort_small_3, layout_loops_ring,
          hangedman_decor_points
D:2:      layout_loops_ring
D:3:      layout_loops_ring, nemelex_xobeh_ov_fountains_minmay, uniq_terence
D:4:      layout_basic, serial_shops, shop, first_ration, roderic_roman_lattice,
          kennysheep_cross_bottleneck, uniq_menkaure
D:5:      layout_basic
D:6:      minmay_chambers_of_fours, layout_basic, minmay_temple_entry_glass,
          ebering_ghost_disaster_area, hangedman_decor_slide_cut,
          uniq_blork_the_orc, uniq_pikel
D:7:      layout_cave_pools, serial_shops, kennysheep_mini_moat
D:8:      layout_rooms, nrook_mini_backslash, minmay_misc_feat_room
D:9:      layout_long_grid, minmay_lair_entry_grove, david_orc_3,
          grunt_pizzeria, uniq_psyche, uniq_joseph

Skill      XL: |  1  2  3  4  5  6  7  8  9 |
---------------+----------------------------+-----
Spellcasting   | 2 3 4 5 6 7 |  7.8
Earth Magic    | 3 4 5 6 7 8 |  8.8
Shields        | 2 3 4 5 |  5.1
Fighting       | 2 5 |  5.5
Dodging        | |  1.7
Stealth        | |  1.7
Transmutations | |  0.8

Action                   |  1- 3 |  4- 6 |  7- 9 | 10-12 || total
-------------------------+-------+-------+-------+-------++-------
Melee: Unarmed           |    70 |    90 |       |       ||   160
       Whip              |       |       |     1 |       ||     1
       Dagger            |       |       |    16 |       ||    16
 Cast: Sandblast         |    56 |    85 |   117 |    11 ||   269
       Stone Arrow       |       |       |     5 |       ||     5
       Lee's Rapid Decon |       |       |    13 |     5 ||    18
Evoke: Wand              |       |       |     4 |       ||     4
  Use: Scroll            |       |    10 |     2 |       ||    12
       Potion            |       |     1 |       |       ||     1
 Stab: Sleeping          |     1 |     3 |       |       ||     4
  Eat: Chunk             |     3 |     8 |     9 |     2 ||    22
       Ration            |       |       |     1 |       ||     1
Armor: Robe              |    18 |    21 |    11 |     1 ||    51
Dodge: Dodged            |    64 |    70 |    44 |     3 ||   181
